cohdb
Replays
Latest Replays
All Replays
Popular Replays
Top Player Replays
Match Explorer
How It Works
Community
CoH3 Stats
Reddit
Sign in to upload your games and track your stats! →
Sign in with Steam
Match 42987490
Unlisted
Match 42987490
Overview
Messages
Build Orders
End
Kettenkrad Recon Vehicle
Construct Infanterie Kompanie
Grenadier Squad
Selects Breakthrough Battlegroup
Selects Assault Grenadiers
Grenadier Squad
MG 42 Machine Gun Team
Sniper
Infanterie Officer Quarters
Construct Panzergrenadier Kompanie
Construct Panzergrenadier Kompanie
Selects 2.5-tonne Cargo Truck
2.5-tonne Cargo Truck
Pak 40 Anti-tank Gun Team
Panzergrenadier Squad
Selects Smoke Bombing Run
Smoke Bombing Run
Silvio Guastatori
企鹅爱子
Moltke1871
Wisemen
Razpent
Wololo
花就那样红
Smo
0
0
Comments
sign in to comment!
No comments posted yet!